 Dungeon Crawl Stone Soup version 0.28-a0-21-gf74fda84f9 (webtiles) character file.

Game seed: 8669814619061171551

920 flyleaff the Magician (level 8, 0/69 HPs)
             Began as a Gnoll Wanderer on July 26, 2021.
             Was a Priest of Cheibriados.
             Splashed by an acid dragon's acid (10 damage)
             ... on level 5 of the Dungeon.
             The game lasted 00:09:21 (5045 turns).

flyleaff the Magician (Gnoll Wanderer)              Turns: 5045, Time: 00:09:23

Health: 0/69       AC: 11    Str: 25    XL:     8   Next: 10%
Magic:  19/19      EV: 12    Int: 17    God:    Cheibriados [***...]
Gold:   132        SH:  0    Dex: 19    Spells: 13/22 levels left

rFire   . . .      SeeInvis .   b - +2 whip (venom)
rCold   . . .      Faith    .   (no shield)
rNeg    . . .      Spirit   .   n - +2 scale mail
rPois   .          Reflect  .   (no helmet)
rElec   .          Harm     .   j - +0 cloak
rCorr   .          Rampage  .   g - +0 pair of gloves
Will    .....                   (no boots)
Stlth   +.........              (no amulet)
HPRegen 1.21/turn               (no ring)
MPRegen 0.16/turn               (no ring)

@: very slow
A: fangs 1, strong nose, distributed training, regeneration 1, robust 1
a: Renounce Religion, Bend Time, Temporal Distortion


You were on level 5 of the Dungeon.
You worshipped Cheibriados.
Cheibriados was most pleased with you.
You visited 1 branch of the dungeon, and saw 5 of its levels.

You collected 132 gold pieces.

Inventory:

Hand Weapons
 a - a +0 shortbow
 b - a +2 whip of venom (weapon)
 f - a +0 dagger
Missiles
 c - 118 arrows
 k - 24 bolts
 l - 110 stones
 p - 22 poisoned darts
Armour
 g - a +0 pair of gloves (worn)
 j - a +0 cloak (worn)
 n - a +2 scale mail (worn)
Wands
 d - a wand of iceblast (12)
Scrolls
 o - a scroll of teleportation
Potions
 m - a potion of might {unknown}


   Skills:
 + Level 5.5 Fighting
 + Level 3.0 Short Blades
 + Level 3.0 Long Blades
 + Level 3.0 Axes
 + Level 3.0 Maces & Flails
 + Level 3.0 Polearms
 + Level 3.0 Staves
 + Level 3.0 Slings
 + Level 3.0 Bows
 + Level 3.0 Crossbows
 + Level 3.0 Throwing
 + Level 4.0 Armour
 + Level 3.0 Dodging
 + Level 3.0 Stealth
 + Level 5.5 Shields
 + Level 3.0 Unarmed Combat
 + Level 7.8 Spellcasting
 + Level 2.4 Conjurations
 + Level 2.4 Hexes
 + Level 2.4 Summonings
 + Level 2.4 Necromancy
 + Level 2.4 Translocations
 + Level 2.4 Transmutations
 + Level 2.4 Fire Magic
 + Level 2.4 Ice Magic
 + Level 4.5 Air Magic
 + Level 2.4 Earth Magic
 + Level 2.4 Poison Magic
 + Level 3.2 Invocations
 + Level 3.0 Evocations


You had 13 spell levels left.
You knew the following spells:

 Your Spells              Type           Power      Damage    Failure   Level
a - Shock                 Conj/Air       72%        1d7       6%          1
b - Frozen Ramparts       Ice            28%        1d4       26%         3
c - Hailstorm             Conj/Ice       14%        3d5       65%         4
d - Freeze                Ice            56%        1d7       9%          1

Your spell library contained the following spells:

 Spells                   Type           Power      Damage    Failure   Level
 Swiftness                Air            22%        N/A       11%         3


Dungeon Overview and Level Annotations

Branches:
Dungeon (5/15)
 Temple: D:4-7

Altars:
Cheibriados
The Shining One


Innate Abilities, Weirdness & Mutations

You have very sharp teeth.
Your uncanny sense of smell can sniff out nearby items.
Your experience applies equally to all skills.
Your natural rate of healing is unusually fast.
You are robust. (+10% HP)


Message History

Your Bows skill increases to level 3!
Your Crossbows skill increases to level 3!
Your Throwing skill increases to level 3!
Your Dodging skill increases to level 3!
Your Stealth skill increases to level 3!
Your Unarmed Combat skill increases to level 3!
Your Evocations skill increases to level 3!
Unknown command.
Unknown command.
The acid dragon barely misses you. The acid dragon closely misses you.
The orc hits you from afar with a +0 trident.
The acid dragon spits acid at you. The splash of acid hits you!
You are splashed with acid!
The orc barely misses you.
You hear a shout!
You see here an adder corpse.
You closely miss the acid dragon. The acid dragon barely misses you.
The acid dragon claws you but does no damage.
The orc barely misses you.
You hit the acid dragon.
The acid dragon is poisoned.
The acid dragon is lightly wounded.
The acid dragon bites you.
The acid dragon claws you but does no damage.
The orc barely misses you.
You barely miss the acid dragon.
The acid dragon is lightly wounded.
The acid dragon bites you but does no damage.
The acid dragon claws you. The orc hits you but does no damage.
You hit the acid dragon.
The acid dragon is moderately wounded.
The acid dragon bites you! The acid dragon closely misses you.
The orc hits you but does no damage.
You hit the acid dragon.
The acid dragon looks as sick as possible!
The acid dragon is moderately wounded.
The acid dragon spits acid at you. The splash of acid hits you!!
* * * LOW HITPOINT WARNING * * *
You are splashed with acid!
You die...

.. #.......#.#....
...###
####........###
D.D.####...#....###
#..##..#.###.....
##.....#...##.###
#{{.##.###....# ##
#o####.# ###.[###.
#D# #.#####..#...
##@# #..........##
#..###).#
###..#...####
#......##
#.#...#....#
#......#
#...#...))..
#..##.##
#.#.).#..)#. ...
#.# ##..#)))..## ##
#... #.........# ##
.. #)##..<...#
#.###.##########


You could see an acid dragon (extremely poisoned, catching breath) and an orc.

Vanquished Creatures
  An orc warrior (D:4)
  A sky beast (D:5)
  An ogre (D:4)
  A centaur (D:5)
  A hound (D:4)
  A jelly (D:4)
  4 orc priests
  A bullfrog skeleton (D:5)
  A centaur skeleton (D:4)
  2 iguanas
  3 orc wizards (D:4)
  2 hound skeletons (D:4)
  3 adders
  6 gnolls
  An ufetubus (D:4)
  An adder skeleton (D:4)
  3 worms
  2 dart slugs
  9 orcs
  2 ball pythons
  6 bats
  10 endoplasms
  A giant cockroach (D:2)
  5 goblins
  7 hobgoblins
  2 jackals (D:4)
  9 kobolds
  4 quokkas
  2 frilled lizards (D:3)
  3 rats
  2 bushes
97 creatures vanquished.

Vanquished Creatures (others)
  9 plants (D:3)
9 creatures vanquished.

Grand Total: 106 creatures vanquished

Notes
Turn   | Place    | Note
-------+----------+-------------------------------------------
     0 | D:1      | flyleaff the Gnoll Wanderer began the quest for the Orb.
     0 | D:1      | flyleaff set off with the following items: a +0 shortbow, a
                  | +2 scale mail, 24 arrows; and the following spell
                  | memorised: Shock; and the following spells available to
                  | memorise: Swiftness
     0 | D:1      | Reached XP level 1. HP: 20/20 MP: 8/8
    75 | D:1      | Reached XP level 2. HP: 26/26 MP: 10/10
  1413 | D:2      | Reached XP level 3. HP: 31/31 MP: 11/11
  1441 | D:2      | Found a faded altar of an unknown god.
  1455 | D:2      | Became a worshipper of Cheibriados the Contemplative
  1455 | D:2      | Reached * piety under Cheibriados
  1885 | D:2      | Reached skill level 1 in Invocations
  2822 | D:3      | Reached skill level 1 in Short Blades
  2822 | D:3      | Reached skill level 1 in Long Blades
  2822 | D:3      | Reached skill level 1 in Axes
  2822 | D:3      | Reached skill level 1 in Maces & Flails
  2822 | D:3      | Reached skill level 1 in Polearms
  2822 | D:3      | Reached skill level 1 in Staves
  2822 | D:3      | Reached skill level 1 in Slings
  2822 | D:3      | Reached skill level 1 in Bows
  2822 | D:3      | Reached skill level 1 in Crossbows
  2822 | D:3      | Reached skill level 1 in Throwing
  2822 | D:3      | Reached skill level 1 in Dodging
  2822 | D:3      | Reached skill level 1 in Stealth
  2822 | D:3      | Reached skill level 1 in Unarmed Combat
  2822 | D:3      | Reached skill level 1 in Evocations
  2828 | D:3      | Reached ** piety under Cheibriados
  2950 | D:3      | Found a glowing golden altar of the Shining One.
  2957 | D:3      | Reached XP level 4. HP: 38/38 MP: 13/13
  3462 | D:3      | Learned a level 3 spell: Frozen Ramparts
  3467 | D:3      | Learned a level 4 spell: Hailstorm
  3469 | D:3      | Learned a level 1 spell: Freeze
  3527 | D:4      | Reached skill level 1 in Conjurations
  3527 | D:4      | Reached skill level 1 in Hexes
  3527 | D:4      | Reached skill level 1 in Summonings
  3527 | D:4      | Reached skill level 1 in Necromancy
  3527 | D:4      | Reached skill level 1 in Translocations
  3527 | D:4      | Reached skill level 1 in Transmutations
  3527 | D:4      | Reached skill level 1 in Fire Magic
  3527 | D:4      | Reached skill level 1 in Ice Magic
  3527 | D:4      | Reached skill level 1 in Earth Magic
  3527 | D:4      | Reached skill level 1 in Poison Magic
  3694 | D:4      | Noticed an ogre
  3703 | D:4      | Killed an ogre
  3704 | D:4      | Reached XP level 5. HP: 30/43 MP: 14/14
  3775 | D:4      | Reached XP level 6. HP: 42/50 MP: 16/16
  3896 | D:4      | Noticed an orc warrior
  3911 | D:4      | Killed an orc warrior
  3912 | D:4      | Reached skill level 5 in Fighting
  3912 | D:4      | Reached skill level 5 in Shields
  3931 | D:4      | Gained mutation: Your natural rate of healing is unusually
                  | fast. [potion of mutation]
  3931 | D:4      | Gained mutation: You are robust. (+10% HP) [potion of
                  | mutation]
  3935 | D:4      | Reached XP level 7. HP: 16/61 MP: 15/18
  4101 | D:4      | Reached *** piety under Cheibriados
  4747 | D:5      | Entered Level 5 of the Dungeon
  5037 | D:5      | Reached XP level 8. HP: 67/69 MP: 19/19
  5045 | D:5      | Splashed by an acid dragon's acid

Illustrated notes

Levels and vault maps discovered:
D:1:      saegor_arrival_simple_d, layout_loops_ring, serial_forest,
          infiniplex_forest_lined_room_2, infiniplex_forest_straight_1,
          infiniplex_forest_fountain, infiniplex_forest_clump_tiny,
          infiniplex_forest_lined_3, infiniplex_forest_lined_2,
          infiniplex_forest_lined_3, infiniplex_forest_lined_room_
D:2:      layout_basic, basic_ecumenical_altar, kennysheep_generic_room_5
D:3:      layout_basic, mainiacjoe_overflow_catwalk, lexackson_kobold_supper
D:4:      layout_basic, chequers_serial_rivers_large_a,
          minmay_stone_trees_medium, minmay_puff
D:5:      layout_rooms, hex_tiny, grunt_ministairs_3, minmay_misc_feat_x

Skill      XL: |  1  2  3  4  5  6  7  8 |
---------------+-------------------------+-----
Invocations    | 1 2 3 |  3.2
Short Blades   | 1 2 3 |  3.0
Long Blades    | 1 2 3 |  3.0
Axes           | 1 2 3 |  3.0
Maces & Flails | 1 2 3 |  3.0
Polearms       | 1 2 3 |  3.0
Staves         | 1 2 3 |  3.0
Slings         | 1 2 3 |  3.0
Bows           | 1 2 3 |  3.0
Crossbows      | 1 2 3 |  3.0
Throwing       | 1 2 3 |  3.0
Dodging        | 1 2 3 |  3.0
Stealth        | 1 2 3 |  3.0
Unarmed Combat | 1 2 3 |  3.0
Evocations     | 1 2 3 |  3.0
Conjurations   | 1 2 |  2.4
Hexes          | 1 2 |  2.4
Summonings     | 1 2 |  2.4
Necromancy     | 1 2 |  2.4
Translocations | 1 2 |  2.4
Transmutations | 1 2 |  2.4
Fire Magic     | 1 2 |  2.4
Ice Magic      | 1 2 |  2.4
Earth Magic    | 1 2 |  2.4
Poison Magic   | 1 2 |  2.4
Armour         | 3 4 |  4.0
Air Magic      | 4 |  4.5
Fighting       | 5 |  5.5
Shields        | 5 |  5.5
Spellcasting   | |  7.8

Action                   |  1- 3 |  4- 6 |  7- 9 || total
-------------------------+-------+-------+-------++-------
Melee: Dagger            |   396 |       |       ||   396
       Bite              |    72 |    26 |    19 ||   117
       Punch             |     1 |     1 |     1 ||     3
       Whip              |       |   135 |   115 ||   250
 Fire: Shortbow          |   136 |    14 |       ||   150
 Cast: Shock             |     1 |       |       ||     1
Invok: Bend Time         |       |     2 |       ||     2
  Use: Potion            |       |     4 |     1 ||     5
       Scroll            |       |       |     6 ||     6
Armor: Scale mail        |    33 |    58 |    66 ||   157
       Skin              |       |     3 |     4 ||     7
Dodge: Dodged            |    25 |    41 |    92 ||   158

Table legend: (Time is in decaauts)
 A = Elapsed time spent in this place.
 B = Non-inter-level travel time spent in this place.
 C = Inter-level travel time spent in this place.
 D = Time resting spent in this place.
 E = Time spent auto-exploring this place.
 F = Levels seen in this place.
 G = Mean time per level.
                   A        B        C        D        E       F      G
               +--------+--------+--------+--------+--------+-----+--------+
         Total |   6332 |   5937 |    395 |    204 |   4460 |   5 | 1266.4 |
       Dungeon |   6332 |   5937 |    395 |    204 |   4460 |   5 | 1266.4 |
               +--------+--------+--------+--------+--------+-----+--------+

Top non-repeatable levels by time:
     D:4: 1833 daAuts
     D:3: 1482 daAuts
     D:1: 1414 daAuts
     D:2: 1265 daAuts
     D:5: 336 daAuts
